 Dungeon Crawl Stone Soup version 0.30-a0-279-g4b46babb21 (webtiles) character file.

Game seed: 6912642468028688435

115679 kagamino the Warrior (level 16, -6/194 HPs)
             Began as a Minotaur Fighter on Oct 16, 2022.
             Was a High Priest of Okawaru.
             Mangled by a 27-headed hydra zombie (10 damage)
             ... on level 4 of the Swamp.
             The game lasted 01:26:38 (30789 turns).

kagamino the Warrior (Minotaur Fighter)            Turns: 30789, Time: 01:26:38

Health: -6/194     AC:  8    Str: 38    XL:     16   Next: 19%
Magic:  26/26      EV: 13    Int:  6    God:    Okawaru [*****.]
Gold:   680        SH:  9    Dex: 13    Spells: 9/18 levels left

rFire   + . .      SeeInvis .    t - +8 flail "Dierier" {venom, MP+9 Dex+4 Stlth+}
rCold   . . .      Faith    .    v - +0 kite shield "Oxacsith" {Str+4}
rNeg    + . .      Spirit   .    (no body armour)
rPois   +          Reflect  .    (helmet restricted)
rElec   .          Harm     .    E - +2 cloak {Will+}
rCorr   +          Rampage  .    c - +1 pair of gloves
Will    +++..                    l - +1 pair of boots
Stlth   ++........               Q - macabre finger necklace {rN+}
HPRegen 0.52/turn                D - ring "Xemmoppo" {Drain rF+ rCorr Int-3 Slay+6}
MPRegen 0.20/turn                G - ring of poison resistance
                                 S - +6 ring of strength

@: lethally poisoned (-6 -> -9), about to teleport
A: horns 2, retaliatory headbutt, clever 1, strong-willed 1, robust 2
a: Renounce Religion, Heroism, Finesse, Duel


You were on level 4 of the Swamp.
You worshipped Okawaru.
Okawaru was extremely pleased with you.
You visited 4 branches of the dungeon, and saw 25 of its levels.

You collected 2323 gold pieces.
You spent 1643 gold pieces at shops.

Inventory:

Hand Weapons
 t - the +8 flail "Dierier" (weapon) {venom, MP+9 Dex+4 Stlth+}
   (You found it on level 4 of the Dungeon)

   It poisons the flesh of those it strikes.
   Dex:       It affects your dexterity (+4).
   MP:        It affects your magic capacity (+9).
   Stlth:     It makes you more stealthy.
 y - a +5 great mace of draining
 I - a +0 vorpal arbalest
Missiles
 a - 12 atropa-tipped darts
 z - 32 poisoned darts
Armour
 b - +0 swamp dragon scales
 c - a +1 pair of gloves (worn)
 g - a +6 plate armour
 j - +0 fire dragon scales
 l - a +1 pair of boots (worn)
 v - the +0 kite shield "Oxacsith" (worn) {Str+4}
   (You acquired it on level 3 of the Swamp)

   Str:       It affects your strength (+4).
 E - a +2 cloak of willpower (worn)
 K - +0 acid dragon scales
 O - the +12 crystal plate armour "Volycs" {Dex+4}
   (Okawaru gifted it to you on level 1 of the Swamp)

   Dex:       It affects your dexterity (+4).
 P - a scarf of repulsion
Jewellery
 q - an amulet of faith
 C - a +4 ring of protection
 D - the ring "Xemmoppo" (left hand) {Drain rF+ rCorr Int-3 Slay+6}
   (You bought it in a shop on level 13 of the Dungeon)

   [ring of protection from fire]

   Int:       It affects your intelligence (-3).
   Slay:      It affects your accuracy & damage with ranged weapons and melee
   (+6).
   rF:        It protects you from fire.
   rCorr:     It protects you from acid and corrosion.
   Drain:     It drains your maximum health when unequipped.
 G - a ring of poison resistance (right hand)
 N - a ring of positive energy
 Q - the macabre finger necklace (around neck) {rN+}
   (You found it on level 5 of the Lair of Beasts)

   [amulet of nothing]

   It enables you to equip an extra ring.
   rN:        It protects you from negative energy.
 S - a +6 ring of strength (on amulet)
Wands
 B - a wand of roots (13)
 L - a wand of quicksilver (42) (quivered)
 M - a wand of polymorph (11)
 W - a wand of digging (12)
 Z - a wand of flame (19)
Scrolls
 h - a scroll of enchant weapon
 i - 2 scrolls of torment
 k - 7 scrolls of fog
 o - 4 scrolls of fear
 r - 2 scrolls of brand weapon
 s - 7 scrolls of teleportation
 u - 8 scrolls of immolation
 x - 7 scrolls of blinking
 A - 2 scrolls of amnesia
 F - 5 scrolls of identify
 T - a scroll of magic mapping
 V - a scroll of poison
Potions
 d - 6 potions of might
 e - a potion of ambrosia
 f - 4 potions of heal wounds
 m - 21 potions of curing
 n - 4 potions of haste
 p - a potion of magic
 w - a potion of invisibility
 H - 2 potions of resistance
 J - 6 potions of flight
 U - 2 potions of mutation
 X - 5 potions of lignification
 Y - 2 potions of cancellation
Miscellaneous
 R - a lightning rod (4/4)


   Skills:
 - Level 20.0 Fighting
 + Level 19.6 Maces & Flails
 + Level 7.0 Throwing
 + Level 13.1 Armour
 - Level 8.0 Dodging
 - Level 4.0 Shields
 + Level 1.6 Spellcasting
 + Level 6.8 Transmutations
 - Level 5.8 Evocations


You had 9 spell levels left.
You knew the following spells:

 Your Spells              Type           Power      Damage    Failure   Level
a - Tukima's Dance        Hex            0%         N/A       98%         3
b - Statue Form           Tmut/Erth      2%         N/A       100%        6

Your spell library contained the following spells:

 Spells                   Type           Power      Damage    Failure   Level
 Sting                    Tmut/Pois      16%        1d3       30%         1
 Passwall                 Tmut/Erth      3%         N/A       43%         2
 Spider Form              Tmut/Pois      4%         N/A       67%         3
 Shock                    Conj/Air       0%         1d3       78%         1
 Blink                    Tloc           0%         N/A       89%         2
 Ensorcelled Hibernation  Hex/Ice        0%         N/A       89%         2
 Momentum Strike          Conj/Tloc      0%         3d8       89%         2
 Poisonous Vapours        Pois/Air       0%         N/A       89%         2
 Blade Hands              Tmut           4%         N/A       91%         5
 Inner Flame              Hex/Fire       0%         N/A       98%         3
 Lesser Beckoning         Tloc           0%         N/A       98%         3
 Ozocubu's Armour         Ice            0%         N/A       98%         3
 Portal Projectile        Hex/Tloc       0%         N/A       98%         3
 Swiftness                Air            0%         N/A       98%         3
 Airstrike                Air            0%         2d(0-16)  100%        4
 Anguish                  Hex/Necr       0%         N/A       100%        4
 Flame Wave               Conj/Fire      0%         2d4       100%        4
 Leda's Liquefaction      Hex/Erth       0%         N/A       100%        4
 Olgreb's Toxic Radiance  Pois           0%         N/A       100%        4
 Passage of Golubria      Tloc           0%         N/A       100%        4
 Sticky Flame             Conj/Fire      0%         2d3       100%        4
 Lee's Rapid Deconstruct  Erth           0%         3d5*      100%        5
 Metabolic Englaciation   Hex/Ice        0%         N/A       100%        5
 Yara's Violent Unravell  Hex/Tmut       2%         3d3       100%        5
 Simulacrum               Ice/Necr       Unusable   N/A       N/A         6

Dungeon Overview and Level Annotations

Branches:
Dungeon (15/15)            Temple (1/1) D:7            Lair (5/5) D:8
  Swamp (4/4) Lair:2        Snake (0/4) Lair:2        Slime (0/5) Lair:5
    Orc (0/2) D:10         Vaults (0/5) D:13         Depths (0/4) D:15

Altars:
Ashenzari
Cheibriados
Dithmenos
Elyvilon
Fedhas
Gozag
Hepliaklqana
Kikubaaqudgha
Makhleb
Nemelex Xobeh
Okawaru
Qazlal
Ru
Sif Muna
Trog
Uskayaw
Vehumet
Wu Jian
Xom
Yredelemnul
Zin
The Shining One
Jiyva

Shops:
D:4 (   D:11 *   D:13 *?[:=

Annotations:
Lair:2 1 runed translucent door, Ucohosch's ghost, journeyman DECj


Innate Abilities, Weirdness & Mutations

You have a pair of horns on your head.
You reflexively headbutt those who attack you in melee.
Your mind is acute. (Int +4, Str/Dex -1)
You are strong-willed. (Will+)
You are very robust. (+20% HP)


Message History

You block the 27-headed hydra zombie's attack. x2
You are too injured to fight recklessly!
As you read the scroll of teleportation, it crumbles to dust.
You feel strangely unstable.
You feel sick.
The seven-headed hydra closely misses you.
The seven-headed hydra bites you but does no damage.
The seven-headed hydra bites you. The seven-headed hydra bites you!
The seven-headed hydra bites you but does no damage. x3
The five-headed hydra bites you but does no damage.
You block the five-headed hydra's attack.
The five-headed hydra bites you. x2
You block the five-headed hydra's attack.
The swamp dragon bites you.
The swamp dragon claws you but does no damage.
The swamp dragon tramples you!
* * * LOW HITPOINT WARNING * * *
You hold your ground!
A shambling mangrove comes into view.
You block the swamp drake's attack.
The swamp dragon bites you but does no damage.
You block the swamp dragon's attack. The swamp dragon closely misses you.
The swamp dragon bites you!
* * * LOW HITPOINT WARNING * * *
The swamp dragon claws you.
* * * LOW HITPOINT WARNING * * *
The swamp dragon tramples you but does no damage.
The 27-headed hydra zombie bites you.
* * * LOW HITPOINT WARNING * * *
The 27-headed hydra zombie bites you.
* * * LOW HITPOINT WARNING * * *
The 27-headed hydra zombie bites you but does no damage.
The 27-headed hydra zombie bites you.
* * * LOW HITPOINT WARNING * * *
The 27-headed hydra zombie completely misses you.
The 27-headed hydra zombie bites you!
* * * LOW HITPOINT WARNING * * *
The 27-headed hydra zombie bites you!
* * * LOW HITPOINT WARNING * * *
The 27-headed hydra zombie bites you!
You die...

# .. ZV #Z
#♣♣ ♣
#.Z♣#○#♣♣♣f.♣
#.DZDZkk..~.♣
♣kD@D♣
♣°D♣Dk.~# ##°
♣k.♣# ♣# ..#
#♣


You could see a shambling mangrove, an eight-headed hydra, a seven-headed hydra,
a five-headed hydra, a vampire knight, 3 swamp dragons, a spectral six-headed
hydra, a spectral four-headed hydra, 5 swamp drakes, a four-headed hydra
simulacrum, a 27-headed hydra zombie and a swamp dragon skeleton.

Vanquished Creatures
  A thorn hunter (Swamp:1)
  3 fenstrider witches
  A juggernaut skeleton (D:15)
  2 eleionomae
  2 bunyips
  Snorg (D:10)
  A fire dragon (Lair:5)
  Josephine (D:11)
  2 ghost crabs (Swamp:1)
  6 centaur warriors
  9 hydras
  4 catoblepae
  Erica (D:8)
  3 ogre magi
  2 death yaks (Lair:3)
  8 alligators
  16 two-headed ogres
  3 boulder beetles
  4 tengu warriors
  A shock serpent (shapeshifter) (D:13)
  A fire crab (D:14)
  A skeletal warrior (D:15)
  A flayed ghost (D:15)
  3 swamp dragons
  4 spriggan druids
  2 lindwurms (Lair:5)
  4 bog bodies
  An orc knight (D:15)
  2 deep elf pyromancers (D:12)
  A necromancer (D:15)
  A will-o-the-wisp (Swamp:2)
  A wolf spider (D:15)
  3 manticores
  2 stone giant zombies (D:15)
  4 ugly things (D:14)
  8 cyclopes
  8 black mambas
  9 elephants
  Maurice (D:8)
  Maggie (D:6)
  The ghost of Potemkin the Shield-Bearer, a novice FoFi of Gozag (D:5)
  A cane toad (shapeshifter) (D:13)
  A spriggan zombie (D:15)
  9 rime drakes
  2 torpor snails
  10 cane toads
  Psyche (D:11)
  2 gargoyles
  A kobold demonologist (D:14)
  A yaktaur (D:14)
  A guardian mummy (D:15)
  A tengu conjurer (D:14)
  15 komodo dragons
  3 trolls
  6 polar bears
  A bloated husk (Swamp:2)
  11 tyrant leeches
  5 slime creatures
  5 hornets
  16 blink frogs
  4 dream sheep (Lair:5)
  5 spriggans
  6 wraiths
  5 wyverns
  49 yaks
  A shadow (D:10)
  7 basilisks
  Grum (D:11)
  16 vampire mosquitoes
  A steam dragon (D:7)
  4 nagas (Lair:2)
  A swamp worm (shapeshifter) (D:13)
  10 swamp worms
  4 acid dragons
  15 water moccasins
  6 orc warriors
  5 swamp drakes
  A black bear (D:5)
  4 ice beasts
  2 sky beasts (D:7)
  5 ogres
  3 boggarts (D:15)
  29 wolves
  8 centaurs
  4 phantoms
  3 kobold brigands
  A gnoll sergeant (D:8)
  18 bullfrogs
  2 scorpions
  2 troll zombies (D:10)
  3 wights (D:6)
  11 killer bees
  3 howler monkeys
  5 crimson imps (D:13)
  5 orc priests
  Crazy Yiuf (D:6)
  A gnoll bouda (D:7)
  4 hounds
  7 jellies
  6 hell rats (Lair:2)
  7 iguanas
  8 orc wizards
  6 ogre zombies (D:10)
  10 adders
  12 gnolls
  5 shadow imps
  10 white imps
  3 worms
  A dart slug (D:1)
  35 orcs
  9 ball pythons
  6 endoplasms
  A giant cockroach (D:3)
  5 goblins
  7 hobgoblins
  19 kobolds
  4 quokkas
  7 bats
  3 frilled lizards
  5 goblin zombies (D:10)
  A hobgoblin skeleton (D:10)
  A hobgoblin zombie (D:10)
  4 orc skeletons (D:10)
  14 orc zombies
  26 rats
  A bush (Lair:3)
700 creatures vanquished.

Vanquished Creatures (others)
  2 bloated husks
  A briar patch (Swamp:1)
  4 demonic plants (D:6)
  4 foxfires (Swamp:2)
  30 fungi
  72 plants
  14 withered plants (D:15)
127 creatures vanquished.

Grand Total: 827 creatures vanquished

Notes
Turn   | Place    | Note
-------+----------+-------------------------------------------
     0 | D:1      | kagamino the Minotaur Fighter began the quest for the Orb.
     0 | D:1      | Reached XP level 1. HP: 19/19 MP: 0/0
   142 | D:1      | Reached XP level 2. HP: 24/27 MP: 1/1
   576 | D:1      | Reached skill level 4 in Fighting
  1099 | D:2      | Reached XP level 3. HP: 31/33 MP: 2/2
  1849 | D:3      | You fall into a shaft and drop 2 floors!
  1849 | D:5      | Entered Level 5 of the Dungeon
  1868 | D:5      | Noticed a phantom
  1878 | D:5      | Killed a phantom
  1879 | D:5      | Reached XP level 4. HP: 30/41 MP: 3/3
  1879 | D:5      | Reached XP level 5. HP: 34/47 MP: 4/4
  1995 | D:5      | Noticed a black bear
  2002 | D:5      | Killed a black bear
  2003 | D:5      | Reached skill level 5 in Fighting
  2003 | D:5      | Reached skill level 5 in Armour
  2237 | D:4      | Reached XP level 6. HP: 55/56 MP: 5/5
  2248 | D:4      | Identified the +8 flail "Dierier" {venom, MP+9 Dex+4
                  | Stlth+}
  2390 | D:4      | Reached skill level 5 in Maces & Flails
  2539 | D:4      | Reached skill level 6 in Fighting
  2693 | D:4      | Found Nocwuts's Weapon Emporium.
  2779 | D:4      | Reached XP level 7. HP: 50/63 MP: 6/6
  3252 | D:5      | Found a runed translucent door.
  4183 | D:5      | Reached skill level 7 in Fighting
  4331 | D:5      | Noticed Potemkin's ghost (novice FoFi)
  4339 | D:5      | Killed Potemkin's ghost
  4340 | D:5      | Reached XP level 8. HP: 73/73 MP: 7/7
  4415 | D:6      | Noticed Maggie
  4426 | D:6      | Killed Maggie
  4427 | D:6      | Reached skill level 8 in Fighting
  4704 | D:6      | Reached skill level 9 in Fighting
  4833 | D:6      | Reached XP level 9. HP: 71/84 MP: 8/8
  5030 | D:6      | Found a runed translucent door.
  5031 | D:6      | Noticed Crazy Yiuf
  5041 | D:6      | Killed Crazy Yiuf
  5219 | D:6      | Identified the +0 leather armour "Sounyas" {Harm Rampage
                  | Int+5 Slay-2}
  5596 | D:7      | Reached skill level 10 in Fighting
  5636 | D:7      | Noticed a troll
  5640 | D:7      | Killed a troll
  5647 | D:7      | Reached skill level 10 in Maces & Flails
  5847 | D:7      | Found a staircase to the Ecumenical Temple.
  6023 | D:7      | Reached skill level 11 in Fighting
  6703 | D:8      | Reached XP level 10. HP: 93/97 MP: 9/9
  6835 | D:8      | Noticed Maurice
  6850 | D:8      | Killed Maurice
  6851 | D:8      | Reached skill level 12 in Fighting
  6948 | D:8      | Noticed Erica
  6958 | D:8      | Killed Erica
  7312 | D:4      | Bought 2 poisoned darts for 11 gold pieces
  7405 | D:8      | Found a staircase to the Lair.
  8113 | D:8      | Found a stormy altar of Qazlal.
  8443 | Lair:1   | Entered Level 1 of the Lair of Beasts
  8449 | Lair:1   | Reached skill level 13 in Fighting
  8556 | Lair:1   | Reached XP level 11. HP: 51/108 MP: 10/10
  8660 | Lair:1   | Reached skill level 14 in Fighting
 10075 | Lair:2   | Reached skill level 15 in Fighting
 10091 | Lair:2   | Noticed a five-headed hydra
 10381 | Lair:2   | Found a staircase to the Swamp.
 10427 | Lair:2   | Reached skill level 15 in Maces & Flails
 11160 | Lair:2   | Reached skill level 16 in Fighting
 11160 | Lair:2   | Reached XP level 12. HP: 122/122 MP: 11/11
 11335 | Lair:2   | Found a staircase to the Snake Pit.
 11574 | Lair:2   | Found a runed translucent door.
 11576 | Lair:2   | Noticed Ucohosch's ghost (journeyman DECj)
 11583 | Lair:2   | Killed a five-headed hydra
 11584 | Lair:2   | Reached skill level 1 in Dodging
 11587 | Lair:2   | Identified the +12 trident of Lies {elec, rElec rC+ rN+
                  | Int-5}
 12868 | Lair:3   | Noticed a catoblepas
 12878 | Lair:3   | Killed a catoblepas
 12879 | Lair:3   | Reached skill level 17 in Fighting
 12879 | Lair:3   | Reached skill level 5 in Dodging
 13808 | Lair:4   | Noticed a death yak
 13811 | Lair:4   | Noticed a death yak
 13832 | Lair:3   | Killed a death yak
 14003 | Lair:3   | Killed a death yak
 14135 | Lair:4   | Reached XP level 13. HP: 125/133 MP: 12/12
 14206 | Lair:4   | Learned a level 3 spell: Tukima's Dance
 14607 | Lair:5   | Entered Level 5 of the Lair of Beasts
 14648 | Lair:5   | Reached skill level 1 in Evocations
 14940 | Lair:5   | Found a staircase to the Slime Pits.
 14945 | Lair:5   | Found a viscous altar of Jiyva.
 15072 | Lair:5   | HP: 4/134 [komodo dragon (10)]
 15074 | Lair:5   | Reached skill level 10 in Armour
 15184 | Lair:5   | HP: 4/134 [cane toad (18)]
 15529 | Lair:5   | Noticed a fire dragon
 16444 | Lair:5   | Reached skill level 18 in Fighting
 17224 | Lair:5   | Found the macabre finger necklace {rN+}
 17791 | Lair:5   | Killed a fire dragon
 18018 | Lair:5   | Gained mutation: You are robust. (+10% HP) [potion of
                  | mutation]
 18018 | Lair:5   | Gained mutation: You are strong-willed. (Will+) [potion of
                  | mutation]
 18018 | Lair:5   | Gained mutation: Your mind is acute. (Int +4, Str/Dex -1)
                  | [potion of mutation]
 18018 | Lair:5   | Gained mutation: You are very robust. (+20% HP) [potion of
                  | mutation]
 18408 | Temple   | Entered the Ecumenical Temple
 18834 | Temple   | Became a worshipper of Warmaster Okawaru
 19361 | D:10     | Entered Level 10 of the Dungeon
 19378 | D:10     | Noticed Snorg
 19385 | D:10     | Killed Snorg
 19386 | D:10     | Reached XP level 14. HP: 161/172 MP: 13/13
 19418 | D:10     | Found a sacrificial altar of Ru.
 19617 | D:10     | Found a staircase to the Orcish Mines.
 19686 | D:10     | Learned a level 6 spell: Statue Form
 20249 | D:11     | Noticed Psyche
 20255 | D:11     | Killed Psyche
 20267 | D:11     | Found Yvvurr's General Store.
 20323 | D:11     | Reached * piety under Okawaru
 20364 | D:11     | Reached skill level 1 in Transmutations
 20442 | D:11     | Bought a scroll of teleportation for 33 gold pieces
 20442 | D:11     | Bought a book of Spatial Translocations for 220 gold pieces
 20498 | D:11     | Noticed Grum
 20503 | D:11     | Killed Grum
 20618 | D:11     | Noticed Josephine
 20631 | D:11     | Killed Josephine
 20631 | D:11     | Reached ** piety under Okawaru
 20697 | D:11     | Reached skill level 5 in Evocations
 21675 | D:12     | Reached *** piety under Okawaru
 22116 | D:13     | Found Bilo's Book Shop.
 22188 | D:13     | Found Nilysk's Armour Emporium.
 22194 | D:13     | Received a gift from Okawaru
 22212 | D:13     | Bought a +4 plate armour for 585 gold pieces
 22251 | D:13     | Found Qyutij's Jewellery Shoppe.
 22254 | D:13     | Bought the ring "Xemmoppo" {Drain rF+ rCorr Int-3 Slay+6}
                  | for 712 gold pieces
 22360 | D:13     | Reached **** piety under Okawaru
 22587 | D:13     | Found Nekahagu's Magic Scroll Boutique.
 22598 | D:13     | Found a gate to the Vaults.
 22603 | D:13     | Reached skill level 1 in Throwing
 22605 | D:13     | Reached skill level 19 in Fighting
 22619 | D:13     | Bought a scroll of enchant armour for 82 gold pieces
 22775 | D:13     | Found Lad Voesch's General Store.
 22997 | D:14     | Received a gift from Okawaru
 23090 | D:14     | Reached ***** piety under Okawaru
 23465 | D:14     | Found a shimmering blue altar of Sif Muna.
 23743 | D:15     | Entered Level 15 of the Dungeon
 23743 | D:15     | Found a staircase to the Depths.
 23754 | D:15     | Reached XP level 15. HP: 90/182 MP: 14/14
 24402 | D:15     | Reached skill level 5 in Transmutations
 24451 | D:15     | Received a gift from Okawaru
 24948 | D:15     | Reached skill level 5 in Throwing
 25395 | Swamp:1  | Entered Level 1 of the Swamp
 26275 | Swamp:1  | Identified the +4 flail of Fudoly {freeze, *Rage Will+
                  | Str+4}
 26695 | Swamp:1  | Noticed a thorn hunter
 26713 | Swamp:1  | Killed a thorn hunter
 26713 | Swamp:1  | Identified the +12 crystal plate armour "Volycs" {Dex+4}
                  | (Okawaru gifted it to you on level 1 of the Swamp)
 26713 | Swamp:1  | Received a gift from Okawaru
 26936 | Swamp:1  | Reached skill level 20 in Fighting
 27321 | Swamp:2  | Noticed a fenstrider witch
 27334 | Swamp:2  | Killed a fenstrider witch
 28983 | Swamp:3  | Identified a scroll of acquirement
 28984 | Swamp:3  | Acquired the +0 kite shield "Oxacsith" {Str+4}
 29271 | Swamp:3  | Noticed a fenstrider witch
 29275 | Swamp:3  | Killed a fenstrider witch
 29280 | Swamp:3  | Reached XP level 16. HP: 181/194 MP: 16/16
 29419 | Swamp:3  | Reached skill level 1 in Spellcasting
 30784 | Swamp:4  | Entered Level 4 of the Swamp
 30789 | Swamp:4  | HP: 4/194 [27-headed hydra zombie (8)]
 30789 | Swamp:4  | Mangled by a 27-headed hydra zombie

Illustrated notes

Levels and vault maps discovered:
D:1:      dpeg_arrival_rhombus, layout_loops_ring, dreamdust_princess_corridor,
          chequers_serial_rivers_large_b
D:2:      layout_loops_ring, st_stairs_12, minmay_rat_hole
D:3:      layout_loops_ring, chequers_big_river
D:4:      layout_gridville, serial_shops, nicolae_shop_statue_plus
D:5:      layout_basic, gammafunk_ghost_grave
D:6:      layout_loops_ring, serial_demonic, serial_demonic_g, serial_demonic_a,
          serial_demonic_f, serial_demonic_e, nicolae_elevator_lobby_plus,
          uniq_maggie, uniq_crazy_yiuf_cottage
D:7:      layout_gridville, minmay_temple_entry_trees, minmay_increasing_density
D:8:      layout_layer_cave, mainiacjoe_overflow_alcove_2, lair_entry_dummy,
          uniq_erica, uniq_maurice
D:9:      layout_roguey
D:10:     layout_roguey, mainiacjoe_overflow_brackets, zombieorc2_lemuel,
          chequers_jeans, dreamdust_wishing_well, kennysheep_minor_cross,
          uniq_snorg
D:11:     layout_irregular_city, serial_shops, nicolae_square_shop, uniq_psyche,
          uniq_josephine, uniq_grum
D:12:     layout_loops_corners
D:13:     layout_roguey, david_vaults_2, serial_shops,
          nicolae_shop_hallway_plus, kennysheep_mini_moat, kennysheep_mini,
          nicolae_square_shop, shop_scrolls, minmay_nine_imps
D:14:     layout_loops_ring, led_sif_pool
D:15:     gammafunk_depths_entry_grave, layout_loops_ring, chequers_mini_garden
Temple:   mainiacjoe_temple_big_plus
Lair:1:   layout_chaotic_city, cheibrodos_lair_lostbears, serial_bayou_shore_a,
          grunt_megastairs_1
Lair:2:   layout_cave_pods, swamp_mist, minmay_snake_entry_guardpost_small,
          ebering_ghost_funeral_grove, grunt_forest_stairs_basic,
          beast_lair_carwin_11, lemuel_fruit_tree
Lair:3:   layout_cave_pods, grunt_megastairs_4
Lair:4:   layout_regular_city, infiniplex_staircase_pool_2, grunt_megastairs_5
Lair:5:   guppyfry_lair_end_dragon, layout_regular_city,
          hangedman_lair_in_review, minmay_slime_entry_pillars
Swamp:1:  layout_basic_swamp, nicolae_swamp_feature_on_the_river_bank,
          hangedman_swamp_cone, swamp_pool5
Swamp:2:  layout_basic_swamp, hangedman_swamp_lotus
Swamp:3:  layout_basic_swamp, hangedman_swamp_ruin_hall,
          infiniplex_staircase_pool
Swamp:4:  byrel_swamp_growth_death_and_undeath, layout_basic_swamp, uniq_mara

Skill      XL: |  1  2  3  4  5  6  7  8  9 10 11 12 13 14 15 16 |
---------------+-------------------------------------------------+-----
Armour         | 4 5 6 7 8 9 11 12 13 | 13.1
Shields        | 4 |  4.0
Fighting       | 4 5 6 7 9 11 13 16 17 18 19 20 | 20.0
Maces & Flails | 3 4 5 7 8 11 13 15 16 17 18 19 | 19.6
Dodging        | 6 8 |  8.0
Evocations     | 4 5 |  5.8
Transmutations | 4 6 |  6.8
Throwing       | 3 6 7 |  7.0
Spellcasting   | 1 |  1.6

Action                   |  1- 3 |  4- 6 |  7- 9 | 10-12 | 13-15 | 16-18 || total
-------------------------+-------+-------+-------+-------+-------+-------++-------
Melee: Flail             |   127 |    67 |   208 |   388 |   203 |    79 ||  1072
       Headbutt          |    18 |    12 |    32 |   107 |   193 |    20 ||   382
       Great mace        |       |       |       |    55 |   765 |       ||   820
Throw: Dart              |       |       |     8 |    53 |    10 |       ||    71
       Javelin           |       |       |       |       |    13 |       ||    13
Evoke: Wand              |       |       |       |       |     7 |       ||     7
  Use: Scroll            |     1 |       |     6 |    12 |    24 |     2 ||    45
       Potion            |       |       |       |     2 |     9 |     4 ||    15
 Stab: Sleeping          |       |       |     7 |     1 |       |       ||     8
Armor: Scale mail        |    50 |    26 |    29 |       |       |       ||   105
       Steam dragon scal |       |       |    43 |    87 |       |       ||   130
       Plate armour      |       |       |       |    90 |   306 |       ||   396
       Swamp dragon scal |       |       |       |       |     7 |       ||     7
       Troll leather arm |       |       |       |       |   141 |       ||   141
       Skin              |       |       |       |       |    32 |    41 ||    73
Dodge: Dodged            |    47 |    21 |    77 |   142 |   477 |    75 ||   839
Block: Buckler           |    22 |    15 |    29 |    58 |       |       ||   124
       Kite shield       |       |       |       |       |    68 |    65 ||   133

Table legend: (Time is in decaauts)
 A = Elapsed time spent in this place.
 B = Non-inter-level travel time spent in this place.
 C = Inter-level travel time spent in this place.
 D = Time resting spent in this place.
 E = Time spent auto-exploring this place.
 F = Levels seen in this place.
 G = Mean time per level.
                   A        B        C        D        E       F      G
               +--------+--------+--------+--------+--------+-----+--------+
         Total |  30921 |  29220 |   1701 |   5070 |  20010 |  25 | 1236.8 |
       Dungeon |  15005 |  13844 |   1161 |    703 |  10971 |  15 | 1000.3 |
        Temple |    456 |    391 |     65 |      0 |    383 |   1 |  456.0 |
          Lair |   9927 |   9525 |    402 |   2564 |   5607 |   5 | 1985.4 |
         Swamp |   5531 |   5461 |     70 |   1803 |   3047 |   4 | 1382.8 |
               +--------+--------+--------+--------+--------+-----+--------+

Top non-repeatable levels by time:
  Lair:5: 3672 daAuts
 Swamp:1: 2196 daAuts
  Lair:2: 1919 daAuts
 Swamp:3: 1909 daAuts
  Lair:1: 1787 daAuts
  Lair:3: 1607 daAuts
    D:15: 1457 daAuts
 Swamp:2: 1421 daAuts
     D:7: 1397 daAuts
     D:6: 1360 daAuts
     D:8: 1325 daAuts
     D:1: 1142 daAuts
    D:12: 1017 daAuts
  Lair:4: 940 daAuts
     D:4: 924 daAuts
